Map: [ESL] Inside and Out

Players

ShaDoWn - Winner!

  • Race: Protoss Protoss
  • Spawn Location: 1:00

FightingFrog

  • Race: Protoss Protoss
  • Spawn Location: 7:00

Event: DreamHack SC2 Masters 2022 Valencia

VOD

Have the link to the VOD?

Description

Time

  • Played on: July 1, 2022, 9:53 a.m.
  • Length: 11:29

All games in this series

Show
View Real Time Build Order
Export as new Build Order

ShaDoWn Protoss - Winner!

Build Orders: Oracle Opening 

Get SALT Encoding   

  12  0:00  Probe  
  13  0:12  Probe  
  14  0:19  Pylon  
  14  0:26  Probe  
  15  0:37  Gateway  
  15  0:39  Probe (Chrono Boost)  
  16  0:48  Probe (Chrono Boost)  
  16  0:49  Assimilator  
  17  0:53  Probe (Chrono Boost)  
  18  1:05  Probe (Chrono Boost)  
  18  1:06  Assimilator  
  18  1:09  Pylon  
  19  1:16  Probe (Chrono Boost)  
  20  1:20  Probe (Chrono Boost)  
  20  1:24  Cybernetics Core  
  21  1:31  Probe  
  22  1:54  Nexus  
  22  1:56  Probe  
  23  2:08  Stargate  
  23  2:10  Probe  
  24  2:18  Stalker  
  24  2:22  Probe  
  27  2:32  Pylon  
  27  2:34  Probe  
  28  2:38  Shield Battery  
  28  2:46  Probe  
  31  2:52  Oracle (Chrono Boost)  
  32  2:58  Probe  
  32  3:01  Stalker  
  35  3:06  Probe  
  35  3:10  Probe  
  35  3:11  Warp Gate (Chrono Boost)  
  36  3:18  Probe  
  37  3:21  Oracle (Chrono Boost)  
  37  3:23  Probe  
  41  3:30  Probe  
  42  3:35  Probe  
  42  3:38  Gateway  
  43  3:42  Probe (Chrono Boost)  
  45  3:50  Probe (Chrono Boost)  
  45  3:54  Twilight Council  
  45  3:55  Probe (Chrono Boost)  
  46  3:59  Gateway  
  46  4:02  Probe x2 (Chrono Boost)  
  48  4:09  Probe  
  48  4:10  Pylon  
  48  4:11  Probe  
  50  4:19  Assimilator  
  50  4:21  Probe  
  50  4:23  Probe  
  52  4:25  Blink (Chrono Boost)  
  52  4:26  Pylon  
  52  4:30  Stalker  
  39  4:31  Stalker  
  54  4:33  Probe  
  54  4:36  Probe  
  58  4:44  Pylon  
  60  4:53  Nexus  
  60  4:55  Stalker  
  60  5:05  Probe  
  61  5:08  Stalker  
  61  5:09  Stalker  
  61  5:10  Probe  
  66  5:16  Pylon  
  66  5:17  Probe  
  66  5:20  Stalker  
  69  5:23  Probe  
  70  5:29  Probe  
  70  5:31  Stalker  
  70  5:32  Stalker  
  70  5:35  Probe  
  76  5:41  Probe, Forge  
  77  5:44  Stalker  
  77  5:47  Probe  
  80  5:53  Probe  
  81  5:57  Stalker x2  
  81  5:59  Probe  
  81  6:02  Gateway  
  86  6:05  Probe  
  86  6:08  Charge (Chrono Boost)  
  85  6:12  Stalker  
  85  6:13  Probe x2  
  85  6:15  Protoss Ground Weapons Level 1 (Chrono Boost)  
  85  6:17  Probe  
  79  6:20  Stalker x2  
  84  6:25  Probe  
  84  6:26  Probe  
  84  6:30  Probe  
  84  6:32  Assimilator  
  82  6:33  Assimilator  
  82  6:44  Probe  
  77  6:47  Stalker x3  
  77  6:48  Probe  
  77  6:50  Probe  
  85  6:57  Gateway  
  85  6:58  Stalker, Gateway  
  85  6:59  Probe  
  88  7:01  Gateway  
  88  7:03  Robotics Facility, Gateway  
  88  7:04  Photon Cannon  
  86  7:18  Stalker x3  
  86  7:20  Pylon  
  86  7:22  Stalker  
  94  7:34  Pylon  
  94  7:36  Nexus  
  94  7:41  Stalker x3  
  98  7:49  Stalker  
  100  7:54  Stalker x2  
  100  7:56  Warp Prism (Chrono Boost)  
  106  8:00  Stalker x2  
  106  8:02  Templar Archives  
  108  8:10  Zealot x3  
  114  8:12  Protoss Ground Weapons Level 2 (Chrono Boost)  
  114  8:13  Zealot  
  114  8:19  Observer  
  116  8:23  Pylon  
  116  8:24  Pylon  
  117  8:42  Pylon  
  117  8:44  Zealot x8  
  134  8:48  Probe x3  
  134  8:49  Probe, Gateway x2  
  133  9:00  Probe x2  
  125  9:04  Zealot x6  
  125  9:06  Zealot  
  125  9:09  Zealot  
  137  9:15  Probe  
  138  9:24  Zealot x6  
  138  9:27  Zealot  
  146  9:41  Probe  
  125  9:45  Zealot x4  
  125  9:46  Zealot x5  
  125  9:50  Probe  
  130  9:57  Zealot  
  102  10:08  Stalker x10  
  112  10:15  Observer  
  113  10:31  Stalker x3  
  113  10:32  Stalker x7  
  115  10:53  Nexus  
  115  10:55  Stalker x4  
  115  10:56  Stalker x3  
  123  10:59  Stalker x2  
  122  11:20  Stalker x7  
  122  11:23  Stalker x2  
  122  11:24  Stalker x7  
Show
View Real Time Build Order
Export as new Build Order

FightingFrog Protoss 

Build Orders: Phoenix Opening, Blink Stalkers 

Get SALT Encoding   

  12  0:00  Probe  
  13  0:12  Probe  
  14  0:22  Pylon  
  14  0:24  Probe  
  15  0:40  Probe (Chrono Boost)  
  15  0:41  Gateway  
  16  0:46  Assimilator  
  17  0:51  Probe (Chrono Boost)  
  17  0:56  Probe (Chrono Boost)  
  18  1:07  Probe (Chrono Boost)  
  18  1:09  Assimilator  
  18  1:10  Pylon  
  19  1:15  Probe (Chrono Boost)  
  20  1:21  Probe  
  21  1:30  Cybernetics Core  
  21  1:33  Probe  
  21  1:34  Zealot  
  24  1:45  Probe  
  25  1:57  Probe  
  26  2:07  Nexus  
  26  2:11  Probe  
  26  2:14  Warp Gate  
  27  2:23  Probe  
  27  2:26  Sentry  
  27  2:27  Pylon  
  30  2:35  Probe  
  31  2:44  Gateway  
  31  2:51  Probe  
  31  3:03  Phoenix  
  31  3:04  Probe  
  31  3:05  Twilight Council  
  34  3:14  Shield Battery  
  34  3:16  Probe  
  33  3:20  Probe  
  33  3:21  Shield Battery  
  33  3:26  Stalker  
  36  3:28  Probe  
  36  3:31  Stalker (Chrono Boost)  
  36  3:32  Probe  
  40  3:36  Blink (Chrono Boost)  
  40  3:40  Probe  
  41  3:46  Probe  
  41  3:52  Probe  
  41  3:58  Probe  
  42  4:04  Probe  
  42  4:05  Stalker  
  42  4:06  Stalker  
  47  4:10  Probe  
  47  4:16  Probe  
  49  4:22  Probe  
  49  4:23  Stalker  
  52  4:28  Probe  
  52  4:30  Pylon  
  53  4:33  Robotics Facility  
  53  4:34  Probe  
  53  4:36  Assimilator  
  53  4:37  Forge  
  54  4:46  Pylon  
  54  4:48  Probe x2  
  54  4:49  Stalker  
  58  4:53  Sentry  
  60  5:00  Probe  
  60  5:02  Nexus  
  60  5:04  Probe  
  61  5:12  Probe  
  62  5:16  Protoss Ground Weapons Level 1 (Chrono Boost), Probe  
  63  5:23  Stalker x2  
  63  5:24  Probe  
  63  5:26  Observer  
  69  5:28  Probe  
  69  5:30  Nexus  
  69  5:33  Pylon  
  70  5:40  Pylon, Assimilator  
  70  5:45  Pylon  
  70  5:49  Probe x2  
  70  5:54  Stalker x2  
  74  5:57  Shield Battery  
  74  5:59  Observer  
  74  6:01  Probe x2  
  76  6:13  Probe x2  
  76  6:17  Pylon x2  
  72  6:19  Pylon  
  72  6:25  Pylon, Probe x2  
  74  6:38  Probe x2  
  74  6:39  Gateway  
  76  6:41  Gateway  
  76  6:43  Gateway  
  76  6:44  Stalker  
  74  6:47  Probe, Shield Battery  
  74  6:50  Probe x2  
  75  6:56  Shield Battery  
  75  6:59  Probe  
  76  7:02  Pylon, Probe x2  
  78  7:09  Assimilator  
  78  7:10  Charge (Chrono Boost), Protoss Ground Weapons Level 2 (Chrono Boost)  
  78  7:11  Robotics Bay  
  78  7:12  Probe, Assimilator  
  78  7:14  Probe  
  78  7:15  Stalker  
  78  7:27  Stalker  
  78  7:28  Immortal (Chrono Boost)  
  80  7:35  Stalker  
  86  7:38  Stalker  
  87  7:44  Stalker x2  
  87  7:47  Stalker  
  93  7:54  Pylon  
  93  7:59  Robotics Facility  
  93  8:00  Observer (Chrono Boost)  
  93  8:04  Probe  
  95  8:09  Stalker x4  
  95  8:10  Sentry  
  105  8:18  Disruptor (Chrono Boost)  
  108  8:23  Photon Cannon  
  108  8:25  Pylon  
  108  8:26  Photon Cannon  
  108  8:39  Stalker x5  
  118  8:44  Disruptor (Chrono Boost)  
  121  8:49  Photon Cannon  
  117  9:04  Stalker x5  
  117  9:08  Photon Cannon, Phoenix  
  127  9:11  Disruptor (Chrono Boost)  
  127  9:13  Shield Battery  
  132  9:21  Disruptor (Chrono Boost)  
  132  9:23  Pylon  
  132  9:31  Photon Cannon  
  132  9:34  Pylon  
  132  9:35  Stalker x2  
  132  9:36  Stalker  
  132  9:37  Probe  
  132  9:38  Probe  
  132  9:40  Observer  
  132  9:42  Probe  
  130  9:49  Probe  
  130  9:51  Probe  
  116  9:54  Probe  
  88  10:00  Stalker x2  
  88  10:02  Probe  
  88  10:03  Probe  
  88  10:06  Probe  
  92  10:14  Probe  
  93  10:15  Probe  
  93  10:18  Probe  
  95  10:24  Disruptor x2 (Chrono Boost)  
  95  10:27  Probe  
  99  10:30  Stalker x2  
  97  10:37  Stalker  
  94  10:45  Shield Battery  
  94  10:46  Stalker x2  
  82  10:55  Photon Cannon  
  74  11:00  Zealot x3  
  74  11:09  Zealot x2  

Tags
 
Add a new tag
Caveats
  • Supply blocks, unpowered buildings, or Contaminate may cause inaccurate times.
  • Supply counts are checked every 10 seconds.